 Dungeon Crawl Stone Soup version 0.24.0-7-gb3623d2c88 (webtiles) character file.

Game seed: 6272706051215751086, levelgen mode: deterministic

3220 Baz the Sneak (level 9, -1/47 HPs)
             Began as a Vine Stalker Earth Elementalist on Nov 2, 2019.
             Was a Follower of Wu Jian.
             Slain by a centaur (6 damage)
             ... on level 8 of the Dungeon.
             The game lasted 00:37:43 (9146 turns).

Baz the Sneak (Vine Stalker Earth Elementalist)     Turns: 9146, Time: 00:37:44

Health: -1/47      AC:  5    Str: 14    XL:     9   Next: 97%
Magic:  0/13       EV: 14    Int: 18    God:    Wu Jian [*.....]
Gold:   120        SH:  0    Dex: 15    Spells: 2/12 levels left

rFire    . . .     SeeInvis .   a - +2 dagger (drain)
rCold    . . .     Gourm    .   (no shield)
rNeg     . . .     Faith    .   c - +0 robe
rPois    .         Spirit   +   (no helmet)
rElec    .         Reflect  .   B - +0 cloak
rCorr    .         Harm     .   J - +1 pair of gloves {Str+3}
MR       +....                  (no boots)
Stlth    ++++......             (no amulet)
HPRegen  0.55/turn              (no ring)
MPRegen  0.13/turn              (no ring)

@: no status effects
A: fangs 3, regeneration 1, magic shield, antimagic bite, no potion heal 3, rot
immunity
a: Renounce Religion


You were on level 8 of the Dungeon.
You worshipped Wu Jian.
Wu Jian was aware of your devotion.
You were hungry.

You visited 2 branches of the dungeon, and saw 9 of its levels.
You also visited: Sewer.

You collected 301 gold pieces.
You spent 181 gold pieces at shops.

Inventory:

Hand Weapons
 a - a +2 dagger of draining (weapon)
 b - a +0 hunting sling
 D - the +1 dagger "Huanay" {pierce, rElec rF+ MP-9 Stlth+}
   (You found it on level 6 of the Dungeon)

   It inflicts extra damage upon your enemies.
   It protects you from fire.
   It insulates you from electricity.
   It affects your magic capacity (-9).
   It makes you more stealthy.
 F - a +1 dagger of venom
Missiles
 e - 21 sling bullets
 l - 180 stones (quivered)
 w - 8 atropa-tipped darts
Armour
 c - a +0 robe (worn)
 B - a +0 cloak (worn)
 J - a +1 pair of gloves of strength (worn)
Jewellery
 z - an uncursed ring of protection from fire {unknown}
Wands
 y - a wand of polymorph (9)
 E - a wand of random effects (23)
 H - a wand of iceblast (8)
 K - a wand of digging (6)
Scrolls
 m - 3 scrolls of teleportation {unknown}
 t - 3 scrolls of remove curse
 u - a scroll of noise {unknown}
 v - a scroll of identify
 x - a scroll of amnesia
 A - 2 scrolls of fog {unknown}
 G - a scroll of enchant weapon {unknown}
Potions
 f - 3 potions of resistance
 g - 8 potions of heal wounds {unknown}
 h - 4 potions of might {unknown}
 i - a potion of degeneration {unknown}
 j - 2 potions of berserk rage {unknown}
 k - 4 potions of curing {unknown}
 n - a potion of lignification
 o - 2 potions of flight {unknown}
 p - 2 potions of agility {unknown}
 q - a potion of mutation {unknown}
 r - a potion of ambrosia {unknown}
 s - a potion of invisibility {unknown}
Comestibles
 d - 11 rations
 C - 3 chunks of flesh


   Skills:
 - Level 5.0 Fighting
 + Level 5.3 Short Blades
 + Level 4.2 Dodging
 - Level 7.0 Stealth
 - Level 2.1 Spellcasting
 + Level 5.9 Transmutations
 + Level 6.5 Earth Magic


You had 2 spell levels left.
You knew the following spells:

 Your Spells              Type           Power        Failure   Level  Hunger
a - Sandblast             Erth           ####..       1%          1    #......
b - Passwall              Tmut/Erth      ###.....     1%          2    ###....
c - Stone Arrow           Conj/Erth      ##....       14%         3    ###....
d - Petrify               Tmut/Erth      ###.....     14%         4    #####..

Your spell library contained the following spells:

 Spells                   Type           Power        Failure   Level  Hunger
 Corona                   Hex            #......      19%         1    #......
 Ensorcelled Hibernation  Hex/Ice        #.....       26%         2    ###....
 Lee's Rapid Deconstruct  Erth           ####......   32%         5    ######.
 Confuse                  Hex            #.......     47%         3    ###....
 Dazzling Spray           Conj/Hex       #.....       47%         3    ###....
 Tukima's Dance           Hex            #.......     47%         3    ###....


Dungeon Overview and Level Annotations

Branches:
Dungeon (8/15)             Temple (1/1) D:7            Lair (0/6) D:8
  Sewer (visited)

Altars:
Ashenzari
Dithmenos
Elyvilon
Fedhas
Gozag
Hepliaklqana
Kikubaaqudgha
Makhleb
Nemelex Xobeh
Okawaru
Qazlal
Ru
Sif Muna
Trog
Uskayaw
Vehumet
Wu Jian
Xom
Yredelemnul
Zin
The Shining One

Shops:
D:7 [   D:8 (

Annotations:
D:2 Terence
D:8 exclusion: orc warrior


Innate Abilities, Weirdness & Mutations

You have razor-sharp teeth.
Your natural rate of healing is unusually fast.
When hurt, damage is shared between your health and your magic reserves.
Your bite disrupts and absorbs the magic of your enemies.
Potions cannot restore your health.
You are immune to rotting.


Message History

Confirm with . or Enter, or press ? or * to list all spells.
Aiming: Sandblast (safe; 1% risk of failure)
Press: ? - help, Shift-Dir - straight line, f/p - orc priest
Aim: an orc priest, wielding a +0 club and wearing a +0 chain mail (severely wounded, heavily drained)
The blast of sand hits the orc priest but does no damage.
The orc priest is severely wounded.
l - 180 stones The centaur hits you.
* * * LOW HITPOINT WARNING * * *
Unknown command.
You hit the orc priest but do no damage.
The orc priest is severely wounded.
The centaur hits you.
* * * LOW HITPOINT WARNING * * *
The orc priest closely misses you.
You hit the orc priest.
You kill the orc priest!
The Council accepts your kill. The centaur barely misses you.
The centaur hits you.
You die...

##..)#####.#..........##.#
##...#
#............###.......#.#
##.## .#####.###.###
#.........# #.## #.###.##
#.# ##.......### #.##
##.#.## #.####....##.##
#... ##..# #รท.....#..##.#
#### #..# ######.(>###.#
#..# ##.## #.# #..#
#@####.## #... #c).....#
#.#.# #.......# #....
#.......# #.#.## #.......#
#.......# #.......#
#%......# ##.#...##


You could see a centaur.

Vanquished Creatures
  A hippogriff (D:8)
  Eustachio (D:4)
  Menkaure (D:7)
  A sky beast (D:8)
  A black bear (D:8)
  A phantom (D:6)
  An ogre (D:5)
  3 centaurs
  A crocodile (D:8)
  2 big kobolds (Sewer)
  6 bullfrogs
  3 scorpions (D:5)
  5 wights
  4 crimson imps
  A bullfrog zombie (D:7)
  A centaur skeleton (D:5)
  5 hounds
  3 jellies
  2 bullfrog skeletons
  2 orc priests
  Jessica (D:3)
  Ijyb (D:4)
  Natasha (thrice) (D:3)
  2 iguanas
  6 orc wizards
  3 worker ants
  Robin (D:3)
  10 adders
  3 shadow imps
  2 oozes
  3 worms
  A dart slug (D:3)
  A leopard gecko (D:4)
  24 orcs
  5 ball pythons
  10 bats
  3 giant cockroaches
  22 goblins
  12 hobgoblins
  3 jackals (D:7)
  3 quokkas
  10 frilled lizards
  2 jackal skeletons
  19 kobolds
  A leopard gecko skeleton (D:7)
  A quokka skeleton (D:4)
  8 rats
205 creatures vanquished.

Notes
Turn   | Place    | Note
-------+----------+-------------------------------------------
     0 | D:1      | Baz the Vine Stalker Earth Elementalist began the quest for
                  | the Orb.
     0 | D:1      | Reached XP level 1. HP: 9/9 MP: 4/4
   235 | D:1      | Reached XP level 2. HP: 14/14 MP: 3/6
   279 | D:1      | Reached skill level 3 in Stealth
  1046 | D:2      | Reached XP level 3. HP: 16/17 MP: 5/7
  1400 | D:2      | Noticed Terence
  1454 | D:2      | Reached skill level 1 in Fighting
  1900 | D:2      | Learned a level 2 spell: Passwall
  1904 | D:2      | Learned a level 3 spell: Stone Arrow
  2147 | D:3      | Gained mutation: Your natural rate of healing is unusually
                  | fast. [Vine Stalker growth]
  2147 | D:3      | Reached XP level 4. HP: 14/22 MP: 0/8
  2199 | D:3      | Noticed Natasha
  2226 | D:3      | Killed Natasha
  2226 | D:3      | Reached skill level 4 in Stealth
  2289 | D:3      | Noticed Natasha
  2292 | D:3      | Killed Natasha
  2292 | D:3      | Reached skill level 1 in Short Blades
  2292 | D:3      | Reached XP level 5. HP: 25/25 MP: 7/9
  2335 | D:3      | Noticed Jessica
  2342 | D:3      | Killed Jessica
  2529 | D:3      | Noticed Robin
  2609 | D:3      | Killed Robin
  3008 | D:3      | Reached XP level 6. HP: 30/30 MP: 10/10
  3015 | D:3      | Found a sparkling altar of Nemelex Xobeh.
  3083 | D:3      | Noticed Natasha
  3085 | D:3      | Found a bloodstained altar of Trog.
  3094 | D:3      | Killed Natasha
  3341 | D:3      | Reached skill level 5 in Earth Magic
  3461 | D:4      | Reached skill level 5 in Stealth
  3487 | D:4      | Found a glowing drain.
  3501 | Sewer    | Entered a sewer
  3901 | Sewer    | Reached XP level 7. HP: 35/35 MP: 9/11
  4211 | D:4      | Reached skill level 6 in Stealth
  4397 | D:4      | Noticed Ijyb
  4421 | D:4      | Killed Ijyb
  4620 | D:4      | Noticed Eustachio
  4667 | D:4      | Killed Eustachio
  5116 | D:5      | Entered Level 5 of the Dungeon
  5117 | D:5      | Reached skill level 7 in Stealth
  5117 | D:5      | Gained mutation: You have razor-sharp teeth. [Vine Stalker
                  | growth]
  5117 | D:5      | Reached XP level 8. HP: 40/40 MP: 12/12
  5232 | D:5      | Found a white marble altar of Elyvilon.
  5237 | D:5      | Found a hazy altar of Hepliaklqana.
  5241 | D:5      | Found an ornate altar of the Wu Jian Council.
  5977 | D:6      | Got a dazzling dagger
  5978 | D:6      | Identified the +1 dagger "Huanay" {pierce, rElec rF+ MP-9
                  | Stlth+} (You found it on level 6 of the Dungeon)
  6150 | D:6      | Learned a level 4 spell: Petrify
  6275 | D:6      | Found a blossoming altar of Fedhas.
  6597 | D:5      | Reached XP level 9. HP: 45/45 MP: 10/13
  7318 | D:6      | Reached skill level 5 in Transmutations
  7412 | D:7      | Found Xarphism's Armour Emporium.
  7500 | D:7      | Bought a +1 pair of gloves of strength for 181 gold pieces
  7704 | D:7      | Found a staircase to the Ecumenical Temple.
  7714 | Temple   | Entered the Ecumenical Temple
  7846 | D:5      | Became a worshipper of the Wu Jian Council
  8107 | D:7      | Noticed Menkaure
  8109 | D:7      | Killed Menkaure
  8522 | D:8      | Reached skill level 5 in Fighting
  8557 | D:8      | Found Xiygade's Antique Weapon Shop.
  8622 | D:8      | Found a staircase to the Lair.
  8622 | D:8      | Noticed a death yak
  8663 | D:8      | Reached skill level 5 in Short Blades
  9020 | D:8      | Reached * piety under Wu Jian
  9146 | D:8      | Slain by a centaur

Levels and vault maps discovered:
D:1:      minmay_arrival_wavy_path, layout_basic, minmay_misc_feat_plants
D:2:      layout_basic, uniq_terence
D:3:      layout_loops_ring, bloody_trog, first_ration,
          nemelex_dance_club_becter, uniq_natasha, uniq_robin, uniq_jessica
D:4:      cheibrodos_greedy_goblins, layout_basic, portal_sewer_entry_d,
          uniq_ijyb, uniq_eustachio
D:5:      layout_loops_ring, grunt_temple_overflow_open
D:6:      layout_basic, lemuel_doored_altar
D:7:      layout_rooms, minmay_temple_entry_metal_lava, serial_shops,
          shop_statue, uniq_menkaure
D:8:      layout_loops_ring, lemuel_crystal_altar, david_lair_generic,
          serial_shops, shop_fountains, uniq_pikel
Temple:   lightli_temple_of_artemis

Skill      XL: |  1  2  3  4  5  6  7  8  9 |
---------------+----------------------------+-----
Stealth        | 3 4 5 7 |  7.0
Fighting       | 1 2 3 4 5 |  5.0
Earth Magic    | 4 5 6 |  6.5
Short Blades   | 1 2 3 4 5 |  5.3
Transmutations | 2 4 5 |  5.9
Dodging        | 2 4 |  4.2
Spellcasting   | |  2.1

Action                   |  1- 3 |  4- 6 |  7- 9 || total
-------------------------+-------+-------+-------++-------
Melee: Dagger            |    81 |   120 |   524 ||   725
       Bite              |    15 |    19 |   114 ||   148
 Cast: Sandblast         |    24 |    35 |    35 ||    94
       Passwall          |       |       |    10 ||    10
       Stone Arrow       |       |       |     1 ||     1
       Petrify           |       |       |    12 ||    12
Invok: Lunge             |       |       |     7 ||     7
       Whirlwind         |       |       |     1 ||     1
  Use: Scroll            |       |     3 |     3 ||     6
 Stab: Sleeping          |     3 |     8 |    20 ||    31
       Petrified         |       |       |     7 ||     7
       Petrifying        |       |       |     3 ||     3
       Distracted        |       |       |     1 ||     1
  Eat: Chunk             |     4 |     6 |    14 ||    24
       Ration            |       |       |     2 ||     2
Armor: Robe              |    22 |    17 |    68 ||   107
       Skin              |       |       |     3 ||     3
Dodge: Dodged            |    51 |    84 |   284 ||   419
